 Dungeon Crawl Stone Soup version 0.30.1-9-gdf580d7c3d (webtiles) character file.

Game seed: 13391609314113539997

96 ringo67 the Ducker (level 4, -2/33 HPs)
             Began as a Djinni Fire Elementalist on Sept 26, 2023.
             Was a Follower of Makhleb.
             Slain by an ice beast (10 damage)
             ... on level 3 of the Dungeon.
             The game lasted 00:09:54 (2676 turns).

ringo67 the Ducker (Djinni Fire Elementalist)       Turns: 2676, Time: 00:09:57

Health: -2/33      AC:  2    Str:  9    XL:     4   Next: 98%
Gold:   97         EV: 13    Int: 16    God:    Makhleb [*.....] SH:  0 Dex: 14

rFire   + + .        n - +0 falchion
rCold   x . .        (no shield)
rNeg    . . .        a - +0 robe
rPois   ∞            (no helmet)
rElec   .            (no cloak)
rCorr   .            (no gloves)
SInv    .            (boots unavailable)
Will    .....        (no amulet)
Stlth   ++           (no ring)
HPRegen 0.25/turn    (no ring)
MPRegen 0.00/turn

%: infuse magic (-3 HP)
@: flying
A: sickness immunity, fire resistance 2, cold vulnerability 1, float, innate
caster, HP casting, extra vitality 1
a: Renounce Religion


You were on level 3 of the Dungeon.
You worshipped Makhleb.
Makhleb was aware of your devotion.
You visited 1 branch of the dungeon, and saw 3 of its levels.

You collected 97 gold pieces.

Inventory:

Hand Weapons
 n - a +0 falchion (weapon)
Armour
 a - a +0 robe (worn)
Wands
 j - a wand of polymorph (9)
Scrolls
 c - a scroll of fear {unknown}
 d - a scroll of blinking {unknown}
 f - a scroll of teleportation {unknown}
 h - a scroll of enchant armour {unknown}
 l - a scroll of vulnerability {unknown}
 m - a scroll of magic mapping {unknown}
Potions
 b - a potion of degeneration {unknown}
 e - 2 potions of might {unknown}
 g - a potion of ambrosia {unknown}
 i - a potion of haste {unknown}
 k - a potion of attraction {unknown}


   Skills:
 + Level 2.0 Fighting
 - Level 0.2 Long Blades
 - Level 1.0 Armour
 + Level 3.2 Dodging
 - Level 1.5 Stealth
 + Level 3.0 Spellcasting


You knew the following spells:

 Your Spells              Type           Power      Damage    Failure   Level
a - Foxfire               Conj/Fire      48%        2x1d6     5%          1
b - Scorch                Fire           24%        2d6       9%          2
c - Volatile Blastmotes   Fire/Tloc      24%        2d12      16%         3
d - Inner Flame           Hex/Fire       12%        N/A       16%         3
e - Flame Wave            Conj/Fire      12%        2d6       47%         4
f - Necrotise             Necr           48%        1d6       5%          1
Your spell library was empty.

Dungeon Overview and Level Annotations

Branches:
Dungeon (3/15)

Altars:
Makhleb


Innate Abilities, Weirdness & Mutations

You are immune to sickness and miasma.
You are immune to poison.
Your flesh is very heat resistant. (rF++)
You are vulnerable to cold. (rC-)
You float through the air rather than walking.
You learn spells naturally, not from books.
Your magical power is your life essence.
You have superior vitality. (+4 MHP)


Message History

You conjure some foxfire!
The frilled lizard hisses angrily.
The foxfire hits the frilled lizard.
You kill the frilled lizard!
Makhleb accepts your kill.
Found 3 curare-tipped darts.
Your foxfire dissipates!
Found 10 gold pieces.
A goblin comes into view. It is wielding a +0 club.
The goblin shouts!
Casting: Foxfire (safe; 5% risk of failure)
Confirm with . or Enter, or press ? or * to list all spells.
You conjure some foxfire!
The foxfire hits the goblin.
You kill the goblin!
Makhleb accepts your kill.
Your foxfire dissipates!
You now have 89 gold pieces (gained 10).
You reach down and open the door.
You now have 97 gold pieces (gained 8).
An ice beast comes into view.
A bat comes into view.
The ice beast attacks as you move away! The ice beast closely misses you.
The ice beast attacks as you move away! The ice beast misses you.
The ice beast attacks as you move away! The ice beast closely misses you.
The ice beast attacks as you move away! The ice beast hits you.
The ice beast freezes you!
You feel a terrible chill!
Casting: Foxfire (safe; 5% risk of failure)
Confirm with . or Enter, or press ? or * to list all spells.
Flames lash the ice beast.
The ice beast melts!
The ice beast is heavily wounded.
The ice beast's fire resistance burns away.
The ice beast hits you. The ice beast freezes you!
You feel a terrible chill!
Casting: Scorch (safe; 9% risk of failure)
Confirm with . or Enter, or press ? or * to list all spells.
You conjure some foxfire!
* * * LOW HITPOINT WARNING * * *
The ice beast hits you.
* * * LOW HITPOINT WARNING * * *
The ice beast freezes you!
You feel a terrible chill!
You die...

#.# ... #.# ......#
###.# #......
..#.####...#
#.#........# # ..
#.#.###....#.#
#.###.#...+......#
#.....#.###.v..#.#
#........Y@..# #
####.##.####.v.##.
..................#
.....##.#...........
.... #.##.######....
... ..##.##........
.. #####.##.#.# ...
. #.##.#.# .. .#
#.##.#.#


You could see an ice beast (combustible, ally target).

Vanquished Creatures
  4 adders
  An orc (D:3)
  4 ball pythons (D:1)
  4 endoplasms
  5 giant cockroaches
  7 goblins
  7 hobgoblins
  4 jackals (D:1)
  3 kobolds (D:1)
  2 quokkas
  5 bats
  3 frilled lizards
  3 rats
52 creatures vanquished.

Vanquished Creatures (others)
  131 foxfires
131 creatures vanquished.

Grand Total: 183 creatures vanquished

Notes
Turn   | Place    | Note
-------+----------+-------------------------------------------
     0 | D:1      | ringo67 the Djinni Fire Elementalist began the quest for
                  | the Orb.
     0 | D:1      | ringo67 set off with the following spells memorised:
                  | Foxfire, Scorch, Volatile Blastmotes, Inner Flame, Flame
                  | Wave.
     0 | D:1      | Reached XP level 1. HP: 15/15 MP: 0/0
    99 | D:1      | Reached XP level 2. HP: 18/22 MP: 0/0
   391 | D:1      | Reached skill level 1 in Fighting
   391 | D:1      | Reached skill level 1 in Armour
   421 | D:1      | Reached XP level 3. HP: 26/27 MP: 0/0
   421 | D:1      | Learned a level 1 spell: Necrotise
  1691 | D:2      | Found a burning altar of Makhleb.
  1704 | D:2      | Became a worshipper of Makhleb the Destroyer
  1710 | D:2      | Noticed Terence
  1727 | D:2      | Reached XP level 4. HP: 9/32 MP: 0/0
  1734 | D:2      | Terence changed into Terence the giant cockroach
  1734 | D:2      | Noticed Terence
  1740 | D:2      | Killed Terence the giant cockroach
  2574 | D:3      | Reached * piety under Makhleb
  2664 | D:3      | Noticed an ice beast
  2676 | D:3      | Slain by an ice beast

Illustrated notes

Levels and vault maps discovered:
D:1:      dpeg_arrival_pits, layout_basic
D:2:      layout_loops_ring, basic_altar, uniq_terence
D:3:      layout_basic

Skill      XL: |  1  2  3  4 |
---------------+-------------+-----
Fighting       | 1 2 |  2.0
Armour         | 1 |  1.0
Dodging        | 3 |  3.2
Spellcasting   | 3 |  3.0
Long Blades    | |  0.2
Stealth        | |  1.5

Action                     |  1- 3 |  4- 6 || total
---------------------------+-------+-------++-------
  Melee: Dagger            |    23 |    12 ||    35
   Cast: Foxfire           |    55 |    28 ||    83
         Scorch            |     1 |     1 ||     2
  Evoke: Wand              |       |     1 ||     1
   Stab: Sleeping          |     1 |     1 ||     2
 Armour: Robe              |    17 |     1 ||    18
  Dodge: Dodged            |    38 |    18 ||    56
